 Dungeon Crawl Stone Soup version 0.16-a0-3962-g290d66c (webtiles) character file.

13224 Ololoev the Carver (level 11, -16/78 HPs)
             Began as a Mummy Chaos Knight on Feb 9, 2015.
             Demolished by a komodo dragon (21 damage)
             ... on level 4 of the Lair of Beasts on Feb 10, 2015.
             The game lasted 01:03:25 (14683 turns).

Ololoev the Carver (Mummy Chaos Knight)            Turns: 14683, Time: 01:03:26

Health: -16/78     AC: 15    Str: 22    XL:     11   Next: 72%
Magic:  20/20      EV: 17    Int: 11    God:    Xom [....*.]
Gold:   632        SH:  4    Dex: 11    Spells: 2 memorised, 8 levels left

rFire  x . .     SeeInvis .     r - +2 dagger (venom)
rCold  + . .     Clarity  .     v - +3 leather armour {rPois}
rNeg   + + +     SustAb   .     C - +0 buckler
rPois  ∞         Gourm    .     i - +0 helmet
rElec  .         Spirit   .     f - +0 cloak
rCorr  .         Warding  .     w - +1 pair of gloves
rMut   .         Stasis   .     z - +2 pair of boots
MR     +....                    t - amulet of regeneration
Stlth  +.........               y - +4 ring of strength
                                j - +5 ring of evasion

@: somewhat resistant to hostile enchantments, very unstealthy
A: no food or potions, fire vulnerability, restore body, cold resistance 1,
negative energy resistance 3, poison resistance, torment resistance, unbreathing
a: Renounce Religion


You were on level 4 of the Lair of Beasts.
You worshipped Xom.
You were a beloved toy of Xom.
You were not hungry.

You visited 2 branches of the dungeon, and saw 13 of its levels.

You collected 632 gold pieces.

Notes
Turn   | Place    | Note
--------------------------------------------------------------
     0 | D:1      | Ololoev, the Mummy Chaos Knight, began the quest for the Orb.
     0 | D:1      | Reached XP level 1. HP: 18/18 MP: 1/1
    21 | D:1      | XOM: divination: magic mapping
   342 | D:1      | Reached XP level 2. HP: 20/24 MP: 2/2
   454 | D:1      | XOM: harmless Trmt miscast
  1423 | D:1      | Reached XP level 3. HP: 29/29 MP: 3/3
  1527 | D:1      | Learned a level 1 spell: Animate Skeleton
  1529 | D:1      | Learned a level 1 spell: Apportation
  1603 | D:2      | XOM: noise
  1613 | D:2      | XOM: harmless Air miscast
  1877 | D:2      | XOM: harmless Hex miscast
  2274 | D:2      | Found a glowing silver altar of Zin.
  2315 | D:2      | XOM: divination: detect items
  2377 | D:2      | Reached XP level 4. HP: 30/35 MP: 4/4
  2532 | D:2      | Found an opulent altar of Gozag.
  2659 | D:3      | Noticed Robin
  2708 | D:2      | XOM: mild Divn miscast
  2712 | D:2      | XOM: mild Conj miscast
  2808 | D:3      | Killed Robin
  3143 | D:3      | Noticed Grinder
  3168 | D:3      | XOM: fog
  3258 | D:2      | XOM: colour smoke trail
  3260 | D:2      | XOM: mild Hex miscast
  3507 | D:3      | Found a glowing golden altar of the Shining One.
  3578 | D:3      | XOM: divination: magic mapping
  3644 | D:3      | Found a shattered altar of Ashenzari.
  3743 | D:3      | XOM: fog
  3751 | D:3      | Reached skill level 4 in Long Blades
  3764 | D:3      | XOM: god gift: fruit
  3943 | D:4      | Found a radiant altar of Vehumet.
  3951 | D:3      | XOM: summons 2 friendly demons
  3952 | D:3      | Reached XP level 5. HP: 37/41 MP: 5/5
  3967 | D:4      | XOM: noise
  4015 | D:3      | XOM: colour smoke trail
  4021 | D:3      | Your ally Robin died
  4096 | D:4      | XOM: summons friendly quasit
  4180 | D:4      | Reached skill level 1 in Evocations
  4398 | D:4      | Found a basalt altar of Yredelemnul.
  4439 | D:4      | Found a burning altar of Makhleb.
  4463 | D:4      | Reached XP level 6. HP: 47/47 MP: 7/7
  4463 | D:4      | XOM: potion effect (agility)
  4540 | D:4      | XOM: scenery: create altars
  4805 | D:4      | XOM: summons 1 hostile demon
  4931 | D:5      | Entered Level 5 of the Dungeon
  5058 | D:5      | XOM: colour smoke trail
  5070 | D:5      | XOM: mild Fire miscast
  5166 | D:5      | Found a staircase to the Ecumenical Temple.
  5205 | D:5      | XOM: stat loss: -1 Int (10/11)
  5241 | D:5      | XOM: chaos upgrade
  5243 | D:5      | XOM: medium Erth miscast
  5245 | D:5      | Reached skill level 5 in Long Blades
  5253 | D:5      | XOM: medium Divn miscast
  5262 | D:5      | Reached XP level 7. HP: 43/52 MP: 1/10
  5327 | D:5      | XOM: harmless Fire miscast
  5671 | D:5      | XOM: mild Necr miscast
  5971 | D:5      | Found a deep blue altar of Sif Muna.
  6187 | D:6      | XOM: noise
  6234 | D:6      | XOM: divination: magic mapping
  6295 | D:6      | XOM: mild Pois miscast
  6516 | D:6      | XOM: potion effect (haste)
  6540 | D:6      | XOM: potion effect (heal wounds)
  6552 | D:6      | Reached skill level 6 in Long Blades
  6552 | D:6      | Reached XP level 8. HP: 58/58 MP: 13/13
  6593 | D:6      | XOM: colour smoke trail
  6815 | D:6      | XOM: 2-stop teleportation journey
  6930 | D:6      | Got a shimmering mace
  6931 | D:6      | Identified the cursed -1 mace "Orb Guardian's Bane" {venom, +Blink rC+} (You found it on level 6 of the Dungeon)
  7009 | D:6      | XOM: medium Fire miscast
  7312 | D:7      | XOM: colour smoke trail
  7325 | D:7      | XOM: harmless Erth miscast
  7578 | D:7      | XOM: enchant monster (good)
  7585 | D:7      | Reached skill level 7 in Long Blades
  7613 | D:7      | XOM: enchant monster (bad)
  7704 | D:7      | Reached skill level 5 in Armour
  7924 | D:8      | XOM: divination: detect items
  7936 | D:8      | XOM: silly message
  7937 | D:8      | XOM: summons 3 friendly demons
  7977 | D:8      | XOM: harmless Summ miscast
  8019 | D:8      | Noticed a wandering mushroom
  8022 | D:8      | Found a staircase to the Lair.
  8022 | D:8      | Noticed a wandering mushroom
  8029 | D:8      | XOM: blink monster(s)
  8038 | D:8      | Killed a wandering mushroom
  8039 | D:8      | XOM: mild Hex miscast
  8043 | D:8      | XOM: confusion (+ monsters)
  8045 | D:8      | Noticed Erolcha
  8068 | D:8      | Killed Erolcha
  8068 | D:8      | Reached skill level 8 in Long Blades
  8068 | D:8      | Reached XP level 9. HP: 32/63 MP: 15/15
  8070 | D:8      | XOM: divination: detect items
  8077 | D:8      | XOM: confusion
  8083 | D:8      | XOM: potion effect (might)
  8097 | D:8      | XOM: noise
  8119 | D:8      | Killed a wandering mushroom
  8171 | Lair:1   | Entered Level 1 of the Lair of Beasts
  8255 | D:8      | Noticed Gastronok
  8269 | D:8      | XOM: divination: detect creatures
  8401 | D:8      | HP: 1/63 [Gastronok/the air (32)]
  8405 | D:8      | Killed Gastronok
  8405 | D:8      | Reached skill level 9 in Long Blades
  8660 | D:8      | XOM: harmless Divn miscast
  8712 | D:8      | Reached XP level 10. HP: 70/70 MP: 16/16
  8766 | D:8      | XOM: cast spell 'Summon Swarm'
  8793 | D:8      | XOM: god gift: club {god gift}
  8826 | D:8      | Reached skill level 10 in Long Blades
  8969 | D:8      | XOM: 1-stop teleportation journey
  9070 | D:8      | Noticed Eustachio
  9105 | D:8      | Noticed Eustachio
  9105 | D:8      | Eustachio changed into Eustachio the warg
  9105 | D:8      | XOM: polymorph Eustachio -> Eustachio the warg
  9122 | D:8      | Killed Eustachio the warg
  9169 | D:8      | XOM: medium Erth miscast
  9176 | D:8      | XOM: divination: detect creatures
  9351 | D:8      | Noticed Blork the orc
  9364 | D:8      | Killed Blork the orc
  9576 | D:9      | XOM: potion effect (curing)
  9584 | D:9      | XOM: cast spell 'Confusing Touch'
  9925 | D:8      | XOM: harmless Fire miscast
 10043 | D:9      | XOM: cast spell 'Dispersal'
 10054 | D:9      | Found a shimmering altar of Xom.
 10054 | D:9      | XOM: potion effect (curing)
 10160 | D:9      | Noticed a centaur warrior
 10174 | D:9      | XOM: butterfly on damage
 10178 | D:9      | XOM: potion effect (heal wounds)
 10271 | Lair:1   | XOM: divination: detect creatures
 10310 | Lair:1   | XOM: divination: detect creatures
 10515 | Lair:1   | Noticed a komodo dragon
 10527 | Lair:1   | XOM: smoke on damage
 10533 | Lair:1   | Killed a komodo dragon
 10737 | Lair:1   | XOM: enchant monster (good)
 10744 | Lair:1   | Reached skill level 11 in Long Blades
 10796 | Lair:1   | Noticed a spiny frog
 10815 | Lair:1   | Killed a spiny frog
 11048 | Lair:1   | Noticed a spiny frog
 11051 | Lair:1   | XOM: confuse monster(s)
 11059 | Lair:1   | Killed a spiny frog
 11059 | Lair:1   | Reached skill level 1 in Dodging
 11216 | Lair:1   | XOM: god gift: buckler {god gift}
 11224 | Lair:1   | XOM: cast spell 'Blink'
 11226 | Lair:1   | XOM: cast spell 'Shadow Creatures'
 11234 | Lair:1   | XOM: 6-stop teleportation journey
 11238 | Lair:1   | Noticed a spiny frog
 11245 | Lair:1   | XOM: confuse monster(s)
 11254 | Lair:1   | XOM: potion effect (heal wounds)
 11264 | Lair:1   | Killed a spiny frog
 11264 | Lair:1   | Reached XP level 11. HP: 60/75 MP: 18/18
 11542 | Lair:1   | XOM: fake destruction
 11559 | Lair:1   | XOM: fake destruction
 11912 | Lair:1   | Noticed a komodo dragon
 11936 | Lair:1   | Killed a komodo dragon
 12000 | Lair:1   | XOM: vitrification
 12152 | Lair:1   | XOM: god gift: scroll of amnesia
 12356 | Lair:2   | Upgraded the game from 0.16-a0-3946-g4f19e5c to 0.16-a0-3962-g290d66c
 12376 | Lair:2   | XOM: butterfly on damage
 12411 | Lair:2   | Reached skill level 1 in Shields
 12578 | Lair:2   | XOM: 3-stop teleportation journey
 12647 | Lair:2   | XOM: 3-stop teleportation journey
 12847 | Lair:2   | XOM: confuse monster(s)
 12892 | Lair:2   | Noticed a seven-headed hydra
 12895 | Lair:2   | Killed a seven-headed hydra
 12895 | Lair:2   | Reached skill level 5 in Evocations
 13495 | Lair:3   | XOM: blink monster(s)
 13582 | Lair:3   | XOM: silly message
 13730 | Lair:3   | XOM: summons friendly crimson imp
 13750 | Lair:3   | XOM: god gift: scroll labeled XANA KLEC UMPA
 13906 | Lair:3   | XOM: vitrification
 14002 | Lair:3   | XOM: smoke on damage
 14297 | Lair:3   | XOM: summons friendly iron imp
 14312 | Lair:3   | XOM: god gift: hunting sling {god gift}
 14317 | Lair:3   | XOM: god gift: disc of storms
 14668 | Lair:4   | XOM: 4-stop teleportation journey
 14677 | Lair:4   | XOM: butterfly on damage
 14679 | Lair:4   | XOM: butterfly on damage
 14683 | Lair:4   | Demolished by a komodo dragon

Inventory:

Hand weapons
 a - a +0 falchion of chaos
 g - a +0 blowgun
 r - a +2 dagger of venom (weapon)
Missiles
 k - 40 poisoned needles
 u - 6 throwing nets (quivered)
 A - 6 needles of slowing
Armour
 f - a +0 cloak (worn)
 i - a +0 helmet (worn)
 v - a +3 leather armour of poison resistance (worn)
 w - a +1 pair of gloves (worn)
 z - a +2 pair of boots (worn)
 C - a +0 buckler (worn)
Jewellery
 j - a +5 ring of evasion (left hand)
 t - an amulet of regeneration (around neck)
 y - a +4 ring of strength (right hand)
Magical devices
 c - a wand of fire (11)
 m - a wand of confusion (0)
 n - a wand of polymorph (9)
 p - a wand of flame (1)
 B - a wand of confusion (17)
Scrolls
 b - a scroll of identify
 d - 3 scrolls of enchant armour
 e - 6 scrolls of remove curse
 l - 2 scrolls of teleportation
 q - 3 scrolls of recharging
 s - 2 scrolls of enchant weapon
 x - 4 scrolls of fear
 D - a scroll of torment
Books
 h - a book of Unlife

   Spells                             Type                      Level
   a - Recall                         Summoning/Translocation      3
   b - Animate Dead                   Necromancy                   4
   c - Control Undead                 Necromancy                   4
   d - Cigotuvi's Embrace             Necromancy                   5
   e - Death Channel                  Necromancy                   6
   f - Simulacrum                     Ice/Necromancy               6
Miscellaneous
 o - a lamp of fire (inert)
 E - a disc of storms

Table legend:
 A = Turns spent in this place as a percentage of turns spent in the entire game.
 B = Non-inter-level travel turns spent in this place as a percentage of non-inter-level travel turns spent in the entire game.
 C = Inter-level travel turns spent in this place as a percentage of turns spent in this place.
 D = Turns resting spent in this place as a percentage of non-inter-level travel turns spent in this place.
 E = Turns spent auto-exploring this place as a percentage of non-inter-level travel turns spent in this place.
 F = Non-inter-level travel turns spent in this place divided by the number of levels of this place that you've seen.
                   A       B       C       D       E      F
               +-------+-------+-------+-------+-------+----------------------
         Total | 100.0 | 100.0 |   0.5 |   5.0 |   6.9 | 389.7
       Dungeon |  72.4 |  72.3 |   0.5 |   5.1 |   6.9 | 407.2
          Lair |  27.6 |  27.7 |   0.3 |   4.9 |   6.9 | 350.2
               +-------+-------+-------+-------+-------+----------------------


   Skills:
 + Level 4.6 Fighting
 * Level 11.8 Long Blades
 + Level 8.5 Armour
 + Level 2.9 Dodging
 - Level 2.0 Shields
 + Level 5.5 Evocations


You had 8 spell levels left.
You knew the following spells:

 Your Spells              Type           Power        Failure   Level  Hunger
a - Animate Skeleton      Necr           N/A          54%         1    N/A
b - Apportation           Tloc           #.........   54%         1    N/A

Dungeon Overview and Level Annotations

Branches:
Dungeon (9/15)             Temple (0/1) D:5            Lair (4/8) D:8
  Swamp: Lair:3-6    Shoals: Lair:3-6     Snake: Lair:3-6    Spider: Lair:3-6
    Orc: D:9-12

Altars:
Ashenzari
Gozag
Makhleb
Sif Muna
Vehumet
Xom
Yredelemnul
Zin
The Shining One

Annotations:
D:2 Grinder
Lair:3 1 exclusion


Innate Abilities, Weirdness & Mutations

You do not eat or drink.
Your flesh is vulnerable to fire.
Your flesh is cold resistant.
You are immune to negative energy.
Your system is resistant to poisons.
You are immune to unholy pain and torment.
You can survive without breathing.


Message History

The komodo dragon closely misses you.
Evoke which item? (* to show all) (? for menu, Esc to quit)
Zapping:
m - a wand of confusion {zapped: 22} (will waste charges)
Press: ? - help, Shift-Dir - straight line, f/p - komodo dragon
Aim: a komodo dragon (chance 39%)
The komodo dragon resists with some effort.
Evoking this partially-identified wand wasted a few charges.
The komodo dragon bites you!!
A shower of butterflies erupts from you!
Evoke which item? (* to show all) (? for menu, Esc to quit)
Zapping:
m - a wand of confusion {zapped: 24} (will waste charges)
Press: ? - help, Shift-Dir - straight line, f/p - komodo dragon
Aim: a komodo dragon (chance 39%)
The komodo dragon resists with some effort.
Evoking this partially-identified wand wasted a few charges.
The komodo dragon bites you!
Evoke which item? (* to show all) (? for menu, Esc to quit)
Zapping:
m - a wand of confusion {zapped: 27} (will waste charges)
Press: ? - help, Shift-Dir - straight line, f/p - komodo dragon
Aim: a komodo dragon (chance 39%) Nothing appears to happen.
The komodo dragon bites you!!
A shower of butterflies erupts from you!
You swap places.
Your magical contamination has completely faded away.
Evoke which item? (* to show all) (? for menu, Esc to quit)
Zapping:
B - a wand of confusion (will waste charges)
Press: ? - help, Shift-Dir - straight line, f/p - komodo dragon
Aim: a komodo dragon (chance 39%)
The komodo dragon resists with some effort.
Evoking this partially-identified wand wasted a few charges.
The komodo dragon bites you!
Evoke which item? (* to show all) (? for menu, Esc to quit)
Zapping:
B - a wand of confusion {zapped: 2} (will waste charges)
Press: ? - help, Shift-Dir - straight line, f/p - komodo dragon
Aim: a komodo dragon (chance 39%)
The komodo dragon resists with some effort.
Evoking this partially-identified wand wasted a few charges.
The komodo dragon bites you!!
You die...
Xom chuckles heartily!

####.. ##+ ### # ##+##
##.#####.## ###....
#.......... ..Prl.. ##
#..bb..b.$.#
#...(..#.#P.#@l.[b......
#.........+.b.bbb....+
#.....#####..........
#...###. #......b....
##. ## #####.##.### # ##
##


You could see a komodo dragon.

Table legend:
 A = Kills in this place as a percentage of kills in entire the game.
 B = Kills by you in this place as a percentage of kills by you in the entire game.
 C = Kills by friends in this place as a percentage of kills by friends in the entire game.
 D = Other kills in this place as a percentage of other kills in the entire game.
 E = Experience gained in this place as a percentage of experience gained in the entire game.
 F = Experience gained in this place divided by the number of levels of this place that you have seen.
                   A       B       C       D       E      F
               +-------+-------+-------+-------+-------+----------------------
         Total | 100.0 | 100.0 | 100.0 |  -nan | 100.0 | 1453.2
       Dungeon |  76.5 |  79.4 |  65.7 |  -nan |  46.4 | 973.9
          Lair |  23.5 |  20.6 |  34.3 |  -nan |  53.6 | 2531.8
               +-------+-------+-------+-------+-------+----------------------

Vanquished Creatures
  Gastronok (D:8)
  A hydra (Lair:2)
  Erolcha (D:8)
  7 spiny frogs
  3 komodo dragons
  A wandering mushroom (D:8)
  A basilisk (Lair:3)
  9 yaks
  A hippogriff (Lair:2)
  A warg (D:8)
  A black bear (D:7)
  2 orc warriors
  4 water moccasins
  4 porcupines
  5 ogres
  A phantom (D:5)
  2 crocodiles
  13 big kobolds (D:8)
  5 giant frogs
  A wight (D:8)
  2 crimson imps
  A goliath beetle (D:7)
  An orc priest (D:5)
  A quasit (D:8)
  A giant frog zombie (D:8)
  2 iron imps (D:4)
  3 hounds
  6 worker ants
  3 orc wizards
  A giant frog skeleton (D:8)
  4 iguanas
  A hound skeleton (D:5)
  A mummy (D:7)
  Robin (D:3)
  9 gnolls (D:5)
  8 adders
  16 river rats
  A worker ant zombie (D:8)
  A giant mite (D:8)
  2 worms
  5 giant geckos
  9 orcs
  6 giant cockroaches
  13 goblins
  15 hobgoblins
  16 jackals
  A ball python (D:3)
  20 bats
  A giant gecko skeleton (D:5)
  3 giant newts
  A jackal skeleton (D:4)
  26 kobolds
  12 quokkas
  A quokka skeleton (Lair:3)
  A quokka zombie (D:5)
  13 rats
272 creatures vanquished.

Vanquished Creatures (collateral kills)
  A spiny frog (Lair:1)
  2 komodo dragons (Lair:3)
  A wandering mushroom (D:8)
  A basilisk (Lair:2)
  2 hippogriffs
  4 water moccasins
  3 yaks
  A porcupine (Lair:3)
  2 big kobolds (D:8)
  2 crocodiles
  4 giant frogs
  Blork the orc (D:8)
  An electric eel (Lair:3)
  A wight (D:8)
  3 hounds
  A jelly (D:8)
  2 iguanas
  A worker ant (D:9)
  2 orc wizards
  An orc priest (D:4)
  A hound skeleton (D:4)
  3 adders
  A gnoll (D:5)
  A river rat (Lair:2)
  An ooze (D:6)
  5 orcs
  A bat skeleton (D:5)
  A bat zombie (D:6)
  3 goblins
  A goblin (shapeshifter) (Lair:1)
  4 hobgoblins
  6 kobolds
  A quokka (Lair:1)
  2 giant cockroaches
  A giant gecko (D:6)
  A giant newt (D:3)
  A kobold skeleton (D:8)
  A rat (D:2)
  A fungus (D:8)
72 creatures vanquished.

Vanquished Creatures (others)
  A water moccasin (Lair:1)
  4 spiny frog skeletons
  A water moccasin skeleton (Lair:3)
  A yak skeleton (D:9)
  A killer bee (D:8)
  An iron imp (D:8)
  2 giant frog skeletons
  2 porcupine skeletons (Lair:3)
  2 ogre skeletons (D:8)
  A human skeleton (D:8)
  A hound skeleton (Lair:1)
  An adder skeleton (Lair:1)
  An iguana skeleton (Lair:1)
  An orc (D:4)
  2 bat skeletons (D:2)
  A gnoll skeleton (D:5)
  A giant gecko skeleton (D:4)
  2 goblin skeletons (D:3)
  2 hobgoblin skeletons
  A jackal skeleton (D:2)
  3 kobold skeletons
  4 orc skeletons
  2 quokka skeletons
  A river rat skeleton (Lair:3)
  6 butterflies (D:9)
  6 fungi (D:8)
51 creatures vanquished.

Grand Total: 395 creatures vanquished

Action                   |  1- 3 |  4- 6 |  7- 9 | 10-12 || total
-------------------------+-------+-------+-------+-------++-------
Melee: Falchion          |   164 |   223 |    26 |   203 ||   616
       Dagger            |       |    35 |   281 |   700 ||  1016
       Unarmed           |       |       |    20 |       ||    20
 Fire: Blowgun           |       |       |    21 |    22 ||    43
 Cast: Animate Skeleton  |     4 |    25 |    24 |    37 ||    90
Evoke: Wand              |       |       |    20 |    31 ||    51
       Lamp of fire (ine |       |       |       |     1 ||     1
  Use: Scroll            |     6 |     2 |     9 |     3 ||    20
 Stab: Confused          |     1 |       |       |     2 ||     3
       Paralysed         |       |     2 |       |    12 ||    14
       Distracted        |       |     1 |     2 |     2 ||     5
       Petrifying        |       |       |     1 |     4 ||     5
       Petrified         |       |       |     1 |     4 ||     5
       Sleeping          |       |       |       |     1 ||     1

Vault maps used:
D:1:      minmay_arrival_radiant_lines, serial_co_window_serial,
          co_window_paths_a, co_window_paths_a, co_window_of_opportunity_a,
          co_window_paths_b, co_window_corner_a, co_window_paths_a,
          co_window_paths_a, co_window_corner_ca, co_window_2corner,
          co_window_of_opportunity_b, glass_columns_b, minivault_5
D:2:      grunt_gozag_breadcrumbs, zin_statuary
D:3:      evilmike_ruin_ashenzari, nicolae_tso_carved_into_rock,
          feat_on_display, uniq_robin, uniq_grinder
D:4:      kennysheep_mini_moat, demons_altar, first_bread, vehumet_altar_wand_db
D:5:      minmay_temple_entry_statues_fountains,
          roderic_chinese_pattern_swastika, lemuel_blue_sif_altar
D:8:      dpeg_oklobed_lair, special_room, uniq_blork_the_orc, uniq_eustachio,
          uniq_erolcha, uniq_gastronok
D:9:      hangedman_cross_stitches, xom_teletrap_fun, hiddenorc2_lemuel,
          serial_ice, serial_ice_f, serial_ice_e, serial_ice_g, serial_ice_d,
          serial_ice_k, serial_ice_b
Lair:1:   grunt_megastairs_4
Lair:3:   serial_bayou_shore_a
Lair:4:   grunt_megastairs_2, lemuel_fruit_fields
